TOP OF THE 1ST |
State College Spikes batting - Pitching for Dunedin Blue Jays : RHP Carlos Díaz
|
Pitching: RHP Carlos Díaz
|
|
Batting: RHB Alonzo Herrera
|
0-0: Ball 1-0: Ground out U3 (Groundball, 3S)
|
Batting: RHB Martín López
|
0-0: Called Strike 0-1: SINGLE (Line Drive, 4MD)
|
Batting: SHB Clint Woods
|
0-0: Ball 1-0: Ball 2-0: Ball 3-0: Called Strike 3-1: Called Strike 3-2: Foul Ball, location: 2F 3-2: Base on Balls Martín López to second
|
Batting: RHB Mike Ingram
|
0-0: Ball 1-0: Ball 2-0: Called Strike 2-1: Foul Ball, location: 2F 2-2: Strikes out looking
|
Batting: RHB Eric Knight
|
0-0: Called Strike 0-1: Ball 1-1: Called Strike 1-2: Ball 2-2: Ground out 1-3 (Groundball, 15)
|
Top of the 1st over - 0 run(s), 1 hit(s), 0 error(s), 2 left on base; State College 0 - Dunedin 0 |
BOTTOM OF THE 1ST |
Dunedin Blue Jays batting - Pitching for State College Spikes : RHP Francisco Álvarez
|
Pitching: RHP Francisco Álvarez
|
|
Batting: LHB Guy Moss
|
0-0: Called Strike 0-1: Called Strike 0-2: Ball 1-2: Foul Ball, location: 2F 1-2: Strikes out swinging
|
Batting: RHB Fernando Bórquez
|
0-0: Ball 1-0: Ball 2-0: Ball 3-0: Called Strike 3-1: Swinging Strike 3-2: DOUBLE (Line Drive, 78M)
|
Batting: RHB Keith Ivey
|
0-0: Called Strike 0-1: Ball 1-1: Foul Ball, location: 2F 1-2: Strikes out swinging
|
Batting: RHB Gilberto Tovar
|
0-0: Ball 1-0: Fly out, F7 (Flyball, 78S)
|
Bottom of the 1st over - 0 run(s), 1 hit(s), 0 error(s), 1 left on base; State College 0 - Dunedin 0 |
TOP OF THE 2ND |
State College Spikes batting - Pitching for Dunedin Blue Jays : RHP Carlos Díaz
|
Batting: RHB Javier Peña
|
0-0: Called Strike 0-1: Foul Ball, location: 2F 0-2: Strikes out swinging
|
Batting: SHB Thomas Simmons
|
0-0: SINGLE (Flyball, 78S)
|
Batting: RHB Joaquín Vásquez
|
0-0: Ball 1-0: Ball 2-0: Ball 3-0: Called Strike 3-1: Fly out, F9 (Flyball, 89M)
|
Batting: RHB Nick Mackin
|
0-0: Ball 1-0: Ball 2-0: Ball Thomas Simmons steals 2nd base 3-0: Called Strike 3-1: Fly out, F3 (Popup, 3SF)
|
Top of the 2nd over - 0 run(s), 1 hit(s), 0 error(s), 1 left on base; State College 0 - Dunedin 0 |
BOTTOM OF THE 2ND |
Dunedin Blue Jays batting - Pitching for State College Spikes : RHP Francisco Álvarez
|
Batting: RHB David Castillo
|
0-0: SINGLE (Groundball, 56D)
|
Batting: LHB Roberto Félix
|
0-0: Called Strike 0-1: Swinging Strike 0-2: Strikes out swinging
|
Batting: RHB Andrew O'Dell
|
0-0: Ball 1-0: Ball 2-0: Ball 3-0: Base on Balls David Castillo to second
|
Batting: RHB António Aguilar
|
0-0: Swinging Strike 0-1: Ball 1-1: Called Strike 1-2: Foul Ball, location: 2F 1-2: Ball 2-2: Strikes out looking
|
Batting: RHB Willie De La Cruz
|
0-0: Ball 1-0: Called Strike 1-1: Foul Ball, location: 2F 1-2: Ball 2-2: Ground out U3 (Groundball, 3L)
|
Bottom of the 2nd over - 0 run(s), 1 hit(s), 0 error(s), 2 left on base; State College 0 - Dunedin 0 |
TOP OF THE 3RD |
State College Spikes batting - Pitching for Dunedin Blue Jays : RHP Carlos Díaz
|
Batting: RHB Alonzo Herrera
|
0-0: Foul Ball, location: 2F 0-1: Foul Ball, location: 2F 0-2: Ball 1-2: Strikes out swinging
|
Batting: RHB Martín López
|
0-0: Hit by Pitch
|
Pinch Runner at 1st Matt Tucker:
|
|
Batting: SHB Clint Woods
|
0-0: Ball 1-0: Called Strike 1-1: Swinging Strike 1-2: Strikes out looking
|
Batting: RHB Mike Ingram
|
0-0: Called Strike Throwing error on steal attempt, E2 Matt Tucker to third 0-1: DOUBLE (Groundball, 5L) Matt Tucker scores
|
Batting: RHB Eric Knight
|
0-0: Ball 1-0: Ball 2-0: Called Strike 2-1: Ball 3-1: Called Strike 3-2: Foul Ball, location: 2F 3-2: SINGLE (Line Drive, 6D) Mike Ingram to third Mike Ingram scores
|
Batting: RHB Javier Peña
|
0-0: Called Strike 0-1: Swinging Strike 0-2: Strikes out looking
|
Top of the 3rd over - 2 run(s), 2 hit(s), 1 error(s), 1 left on base; State College 2 - Dunedin 0 |
BOTTOM OF THE 3RD |
Dunedin Blue Jays batting - Pitching for State College Spikes : RHP Francisco Álvarez
|
Now in LF: Matt Tucker
|
|
Batting: LHB Guy Moss
|
0-0: Called Strike 0-1: Swinging Strike 0-2: Fly out, F7 (Line Drive, 7M)
|
Batting: RHB Fernando Bórquez
|
0-0: Called Strike 0-1: Ball 1-1: Called Strike 1-2: DOUBLE (Flyball, 9LM)
|
Batting: RHB Keith Ivey
|
0-0: DOUBLE (Flyball, 89D) Fernando Bórquez scores
|
Batting: RHB Gilberto Tovar
|
0-0: Ball 1-0: Hit by Pitch
|
Batting: RHB David Castillo
|
0-0: Ball 1-0: Ball 2-0: Foul Ball, location: 2F 2-1: Foul Ball, location: 2F 2-2: Strikes out looking
|
Batting: LHB Roberto Félix
|
0-0: Called Strike 0-1: Swinging Strike 0-2: Ball 1-2: Strikes out swinging
|
Bottom of the 3rd over - 1 run(s), 2 hit(s), 0 error(s), 2 left on base; State College 2 - Dunedin 1 |
TOP OF THE 4TH |
State College Spikes batting - Pitching for Dunedin Blue Jays : RHP Carlos Díaz
|
Batting: SHB Thomas Simmons
|
0-0: Called Strike 0-1: Foul Ball, location: 2F 0-2: Strikes out swinging
|
Batting: RHB Joaquín Vásquez
|
0-0: Ball 1-0: Ground out 6-3 (Groundball, 6M)
|
Batting: RHB Nick Mackin
|
0-0: Called Strike 0-1: Ball 1-1: Ball 2-1: Ground out 4-3 (Groundball, 13)
|
Top of the 4th over - 0 run(s), 0 hit(s), 0 error(s), 0 left on base; State College 2 - Dunedin 1 |
BOTTOM OF THE 4TH |
Dunedin Blue Jays batting - Pitching for State College Spikes : RHP Francisco Álvarez
|
Batting: RHB Andrew O'Dell
|
0-0: Ball 1-0: Ball 2-0: Called Strike 2-1: Called Strike 2-2: Foul Ball, location: 2F 2-2: Strikes out looking
|
Batting: RHB António Aguilar
|
0-0: Called Strike 0-1: Ball 1-1: Called Strike 1-2: Ball 2-2: Fly out, F6 (Popup, 6MD)
|
Batting: RHB Willie De La Cruz
|
0-0: Called Strike 0-1: Swinging Strike 0-2: Ball 1-2: Strikes out swinging
|
Bottom of the 4th over - 0 run(s), 0 hit(s), 0 error(s), 0 left on base; State College 2 - Dunedin 1 |
TOP OF THE 5TH |
State College Spikes batting - Pitching for Dunedin Blue Jays : RHP Carlos Díaz
|
Batting: RHB Alonzo Herrera
|
0-0: Foul Ball, location: 2F 0-1: Swinging Strike 0-2: Strikes out swinging
|
Batting: RHB Matt Tucker
|
0-0: Swinging Strike 0-1: Swinging Strike 0-2: Fly out, F8 (Popup, 8RS)
|
Batting: SHB Clint Woods
|
0-0: Ball 1-0: Ball 2-0: Called Strike 2-1: Fly out, F8 (Flyball, 8LM)
|
Top of the 5th over - 0 run(s), 0 hit(s), 0 error(s), 0 left on base; State College 2 - Dunedin 1 |
BOTTOM OF THE 5TH |
Dunedin Blue Jays batting - Pitching for State College Spikes : RHP Francisco Álvarez
|
Batting: LHB Guy Moss
|
0-0: SINGLE (Line Drive, 6D)
|
Batting: RHB Fernando Bórquez
|
0-0: Swinging Strike 0-1: Ball 1-1: Ball 2-1: Called Strike 2-2: Foul Ball, location: 2F 2-2: Hit by Pitch Guy Moss to second
|
Batting: RHB Keith Ivey
|
0-0: Called Strike 0-1: Swinging Strike 0-2: Fly out, F6 (Line Drive, 6)
|
Batting: RHB Gilberto Tovar
|
0-0: Ball Guy Moss steals 3rd base Fernando Bórquez to second 1-0: Called Strike 1-1: Swinging Strike 1-2: Ball 2-2: Strikes out swinging
|
Pitching: RHP Tomás Hurtado
|
|
Batting: RHB David Castillo
|
0-0: Ball 1-0: Called Strike 1-1: Ball 2-1: Fly out, F3 (Popup, 3F)
|
Bottom of the 5th over - 0 run(s), 1 hit(s), 0 error(s), 2 left on base; State College 2 - Dunedin 1 |
TOP OF THE 6TH |
State College Spikes batting - Pitching for Dunedin Blue Jays : RHP Carlos Díaz
|
Batting: RHB Mike Ingram
|
0-0: Swinging Strike 0-1: Foul Ball, location: 2F 0-2: Foul Ball, location: 2F 0-2: Foul Ball, location: 2F 0-2: Fly out, F3 (Popup, 3F)
|
Batting: RHB Eric Knight
|
0-0: Called Strike 0-1: Ball 1-1: Swinging Strike 1-2: Ball 2-2: Ball 3-2: Strikes out swinging
|
Batting: RHB Javier Peña
|
0-0: Foul Ball, location: 2F 0-1: Ball 1-1: Ball 2-1: Ball 3-1: SINGLE (Flyball, 9S)
|
Pitching: RHP George Floyd
|
|
Batting: SHB Thomas Simmons
|
0-0: Ball 1-0: Ball 2-0: Swinging Strike 2-1: Called Strike 2-2: Strikes out swinging
|
Top of the 6th over - 0 run(s), 1 hit(s), 0 error(s), 1 left on base; State College 2 - Dunedin 1 |
BOTTOM OF THE 6TH |
Dunedin Blue Jays batting - Pitching for State College Spikes : RHP Tomás Hurtado
|
Batting: LHB Roberto Félix
|
0-0: Ball 1-0: Ball 2-0: Ball 3-0: Called Strike 3-1: Base on Balls
|
Batting: RHB Andrew O'Dell
|
0-0: Called Strike 0-1: Grounds into double play, 6-4-3 (Groundball, 6)
|
Batting: RHB António Aguilar
|
0-0: Swinging Strike 0-1: Fly out, F7 (Flyball, 7LM)
|
Bottom of the 6th over - 0 run(s), 0 hit(s), 0 error(s), 0 left on base; State College 2 - Dunedin 1 |
TOP OF THE 7TH |
State College Spikes batting - Pitching for Dunedin Blue Jays : RHP George Floyd
|
Batting: RHB Joaquín Vásquez
|
0-0: SINGLE (Groundball, 4MD)
|
Batting: RHB Nick Mackin
|
0-0: Bunt missed! 0-1: Ball 1-1: Ball 2-1: Reached on error, E5 (Groundball, 5L) Joaquín Vásquez to third
|
Pinch Hitting: RHB Blair Whitehead
|
0-0: Ball 1-0: Called Strike 1-1: Foul Ball, location: 2F 1-2: Ball 2-2: SINGLE (Groundball, 6MD) Joaquín Vásquez scores Nick Mackin to third Runner from 3rd tries for Home, SAFE, no throw or cutoff
|
Batting: RHB Matt Tucker
|
0-0: Bunted foul 0-1: Bunted foul 0-2: Foul Ball, location: 2F 0-2: Foul Ball, location: 2F 0-2: Strikes out looking
|
Batting: SHB Clint Woods
|
0-0: Foul Ball, location: 2F 0-1: SINGLE (Line Drive, 4MD) Blair Whitehead to second
|
Batting: RHB Mike Ingram
|
0-0: DOUBLE (Flyball, 7D) Blair Whitehead scores Clint Woods to third
|
Batting: RHB Eric Knight
|
0-0: Ball 1-0: Foul Ball, location: 2F 1-1: Ground out 6-3 (Groundball, 6) Clint Woods scores Mike Ingram to third
|
Batting: RHB Javier Peña
|
0-0: Called Strike 0-1: Ball 1-1: Ball 2-1: Ground out 5-3 (Groundball, 56S)
|
Top of the 7th over - 4 run(s), 4 hit(s), 1 error(s), 1 left on base; State College 6 - Dunedin 1 |
BOTTOM OF THE 7TH |
Dunedin Blue Jays batting - Pitching for State College Spikes : RHP Tomás Hurtado
|
Now in CF: Cory Hester
|
|
Batting: RHB Willie De La Cruz
|
0-0: Ball 1-0: Swinging Strike 1-1: Swinging Strike 1-2: DOUBLE (Popup, 78S)
|
Batting: LHB Guy Moss
|
0-0: Ground out U3 (Groundball, 3S) Willie De La Cruz to third
|
Batting: RHB Fernando Bórquez
|
0-0: SINGLE (Line Drive, 56D) Willie De La Cruz scores
|
Batting: RHB Keith Ivey
|
0-0: SINGLE (Line Drive, 4MD) Fernando Bórquez to second
|
Batting: RHB Gilberto Tovar
|
0-0: Called Strike 0-1: Ball 1-1: Ball 2-1: Called Strike 2-2: Strikes out looking
|
Batting: RHB David Castillo
|
0-0: Ball 1-0: Called Strike 1-1: Ball 2-1: Fly out, F6 (Popup, 6D)
|
Bottom of the 7th over - 1 run(s), 3 hit(s), 0 error(s), 2 left on base; State College 6 - Dunedin 2 |
TOP OF THE 8TH |
State College Spikes batting - Pitching for Dunedin Blue Jays : RHP George Floyd
|
Batting: SHB Thomas Simmons
|
0-0: Foul Ball, location: 2F 0-1: Foul Ball, location: 2F 0-2: Ball 1-2: Foul Ball, location: 2F 1-2: Foul Ball, location: 2F 1-2: Ball 2-2: Strikes out swinging
|
Batting: RHB Joaquín Vásquez
|
0-0: Ball 1-0: Swinging Strike 1-1: Ground out 6-3 (Groundball, 6)
|
Pitching: RHP Ralph Miller
|
|
Batting: RHB Nick Mackin
|
0-0: Swinging Strike 0-1: Swinging Strike 0-2: Ball 1-2: Strikes out swinging
|
Top of the 8th over - 0 run(s), 0 hit(s), 0 error(s), 0 left on base; State College 6 - Dunedin 2 |
BOTTOM OF THE 8TH |
Dunedin Blue Jays batting - Pitching for State College Spikes : RHP Tomás Hurtado
|
Pitching: RHP Bryan Glover
|
|
Batting: LHB Roberto Félix
|
0-0: Ball 1-0: Ground out 1-3 (Groundball, 13)
|
Batting: RHB Andrew O'Dell
|
0-0: Called Strike 0-1: Called Strike 0-2: Ball 1-2: Ground out 6-3 (Groundball, 6)
|
Batting: RHB António Aguilar
|
0-0: Ball 1-0: Ball 2-0: Ball 3-0: Called Strike 3-1: Fly out, F8 (Popup, 4D)
|
Bottom of the 8th over - 0 run(s), 0 hit(s), 0 error(s), 0 left on base; State College 6 - Dunedin 2 |
TOP OF THE 9TH |
State College Spikes batting - Pitching for Dunedin Blue Jays : RHP Ralph Miller
|
Batting: RHB Cory Hester
|
0-0: Reached on Error, E1 (Popup, 15S)
|
Batting: RHB Matt Tucker
|
0-0: Sac Bunt - play at first, batter OUT! 5-4 Cory Hester to second
|
Batting: SHB Clint Woods
|
0-0: Ball 1-0: Fly out, F3 (Popup, 3S)
|
Batting: RHB Mike Ingram
|
0-0: Fly out, F4 (Popup, 34)
|
Top of the 9th over - 0 run(s), 0 hit(s), 1 error(s), 1 left on base; State College 6 - Dunedin 2 |
BOTTOM OF THE 9TH |
Dunedin Blue Jays batting - Pitching for State College Spikes : RHP Bryan Glover
|
Pitching: RHP Manuel Montoya
|
|
Batting: RHB Willie De La Cruz
|
0-0: Ball 1-0: Ground out 2-3 (Groundball, 25)
|
Batting: LHB Guy Moss
|
0-0: Ball 1-0: Swinging Strike 1-1: Foul Ball, location: 2F 1-2: Ball 2-2: Ball 3-2: Foul Ball, location: 2F 3-2: Ground out 3-1 (Groundball, 34)
|
Batting: RHB Fernando Bórquez
|
0-0: Swinging Strike 0-1: Called Strike 0-2: Strikes out swinging
|
Bottom of the 9th over - 0 run(s), 0 hit(s), 0 error(s), 0 left on base; State College 6 - Dunedin 2 |
|